 Dungeon Crawl Stone Soup version 0.19.4-10-g532645f (console) character file.

20314 Grinner the Brawler (level 12, -3/93 HPs)
             Began as a Troll Monk on Feb 23, 2017.
             Splashed by an acid blob's acid (13 damage)
             ... on level 2 of the Pits of Slime.
             The game lasted 00:28:46 (10497 turns).

Grinner the Brawler (Troll Monk)                   Turns: 10497, Time: 00:28:49

Health: -3/93      AC:  3    Str: 22    XL:     12   Next: 44%
Magic:  9/11       EV: 17    Int:  6    God:
Gold:   788        SH:  4    Dex: 16    Spells: 0 memorised, 11 levels left

rFire  . . .     SeeInvis .       - Unarmed
rCold  + . .     Gourm    +     D - +2 robe {MR+}
rNeg   . . .     Faith    .     (no shield)
rPois  .         Spirit   .     (helmet restricted)
rElec  .         Reflect  +     G - +2 cloak
rCorr  .         Harm     .     (gloves unavailable)
MR     +....     Rnd*Tele +     (boots unavailable)
Stlth  ++........               z - +4 amulet of reflection
                                (no ring)
                                C - +2 ring of intelligence

@: corroded
A: unfitting armour, claws 3, hooves 1, slimy green scales 1, blink, blurry
vision 1, cold resistance 1, deformed body, dopey 1, fast metabolism 3, frail 1,
gourmand, regeneration 1, shaggy fur 1, teleportitis 1, tough skin 2, subdued
magic 1, MP-powered wands
a: Blink


You were on level 2 of the Pits of Slime.
You were very full.

You visited 3 branches of the dungeon, and saw 17 of its levels.

You collected 788 gold pieces.

Inventory:

Armour
 D - a +2 robe of magic resistance (worn)
 G - a +2 cloak (worn)
Jewellery
 k - an uncursed amulet of harm
 z - a +4 amulet of reflection (around neck)
 C - a +2 ring of intelligence (left claw)
Wands
 a - a wand of polymorph (0/24)
 x - a wand of teleportation (0/9)
 y - a wand of iceblast (9/15)
 J - a wand of flame (17/48)
 K - a wand of digging (8/24)
 L - a wand of confusion (16/48)
Scrolls
 d - 6 scrolls of enchant weapon
 e - 2 scrolls of teleportation
 h - a scroll of blinking
 n - 3 scrolls of magic mapping
 p - 5 scrolls of remove curse
 r - a scroll of fog
 s - 3 scrolls of random uselessness {unknown}
 u - 2 scrolls of fear
 E - a scroll of recharging
 M - a scroll of immolation {unknown}
Potions
 c - 4 potions of brilliance {unknown}
 i - 2 potions of might {unknown}
 j - 2 potions of invisibility {unknown}
 l - 4 potions of lignification {unknown}
 o - 8 potions of curing {unknown}
 q - 2 potions of cancellation {unknown}
 t - 2 potions of ambrosia
 w - a potion of flight
 H - 2 potions of mutation {unknown}
 O - a potion of degeneration {unknown}
Books
 A - a book of Callings

   Spells                             Type                      Level
   a - Summon Small Mammal            Summoning                    1
   b - Call Imp                       Summoning                    2
   c - Call Canine Familiar           Summoning                    3
   d - Summon Guardian Golem          Hexes/Summoning              3
   e - Summon Lightning Spire         Summoning/Air                4
   f - Summon Ice Beast               Ice/Summoning                4
 I - a book of Cantrips

   Spells                             Type                      Level
   a - Confusing Touch                Hexes                        1
   b - Animate Skeleton               Necromancy                   1
   c - Summon Small Mammal            Summoning                    1
   d - Apportation                    Translocation                1
Comestibles
 b - 15 bread rations
 f - 33 fruits
 g - 2 slices of pizza
 v - 9 beef jerkies
 B - 5 meat rations
 N - 9 chunks of flesh


   Skills:
 - Level 2.4 Fighting
 + Level 10.5 Dodging
 - Level 1.0 Stealth
 * Level 16.3 Unarmed Combat


You had 11 spell levels left.
You didn't know any spells.

Dungeon Overview and Level Annotations

Branches:
Dungeon (9/15)             Temple (0/1) D:6            Lair (6/6) D:9
 Shoals (0/4) Lair:2       Spider (0/4) Lair:2        Slime (2/5) Lair:6
    Orc: D:9-12

Altars:
Ashenzari
Cheibriados
Fedhas
Gozag
Kikubaaqudgha
Makhleb
Okawaru
Qazlal
Sif Muna
Trog
Uskayaw
Vehumet
Xom

Shops:
D:7 %   D:9 %

Annotations:
D:8 exclusion: hydra


Innate Abilities, Weirdness & Mutations

You are too large for most types of armour.
You have claws for hands.
Your metabolism is lightning-fast.
You like to eat raw meat.
Your natural rate of healing is unusually fast.
You are covered in fur. (AC +1)
You have very tough skin. (AC +2)
You have large cloven feet.
You are partially covered in slimy green scales. (AC +2)
You can translocate small distances at will.
Scrolls take you a little longer to read.
Your flesh is cold resistant. (rC+)
Armour fits poorly on your strangely shaped body.
You are dopey. (Int -2)
You are frail. (-10% HP)
You are occasionally teleported next to monsters.
Your spells are a little easier to cast, but a little less powerful.
You expend magic power (3 MP) to strengthen your wands.


Message History

The splash of acid hits you! The acid corrodes you!
You are splashed with acid!
The acid burns!
The slime creature hits you!
* * * LOW HITPOINT WARNING * * *
You block the slime creature's attack.
The slime creature quivers.
You climb downwards.
An azure jelly, an acid blob and 4 slime creatures come into view.
The acid blob quivers.
Found an escape hatch in the floor.
Found a stone staircase leading down.
There is a stone staircase leading up here.
Okay, then.
A slime creature comes into view.
The slime creature quivers. x2; The azure jelly quivers.
A slime creature comes into view.
The slime creature quivers. x2
The acid blob spits acid at you. The splash of acid hits you!
* * * LOW HITPOINT WARNING * * *
You are splashed with acid!
The acid burns!
You die...

##...J.. ...
.###......##...
..#............
.J............##
..........>..#..
#J.J............
#............#J.
#......@......J.
.....J..G.......
.......JJ.......
.......J........
........###.....
.#....... .....
##.....# .#..
..#....# . .
.......#


You could see an acid blob, an azure jelly, 8 slime creatures and a shining eye.

Vanquished Creatures
  4 death yaks (Lair:6)
  An oklob plant (Lair:6)
  5 elephants (Lair:3)
  A black mamba (Lair:3)
  3 spiny frogs
  A komodo dragon (Lair:3)
  A kobold demonologist (D:8)
  A troll (D:9)
  A polar bear (Lair:6)
  A two-headed ogre (D:8)
  3 blink frogs (Lair:1)
  A hippogriff (Lair:1)
  13 dream sheep
  A tarantella (Lair:2)
  Sigmund (D:2)
  10 yaks
  A wyvern (Lair:3)
  2 hungry ghosts
  A basilisk (Lair:1)
  6 swamp worms (Lair:1)
  4 porcupines
  9 water moccasins
  2 swamp drakes (Lair:2)
  Duvessa (D:6)
  3 orc warriors
  A black bear (Lair:1)
  4 ice beasts
  6 sky beasts
  An eye of draining (D:9)
  6 ogres
  10 centaurs
  4 crocodiles
  Blork the orc (D:4)
  2 big kobolds
  13 bullfrogs
  A gnoll sergeant (D:8)
  A water moccasin zombie (D:8)
  Dowan (D:6)
  A scorpion (D:7)
  4 killer bees (D:9)
  4 howler monkeys
  8 crimson imps
  A centaur zombie (D:6)
  A bullfrog zombie (D:7)
  2 hounds (D:6)
  3 jellies
  3 orc priests
  2 bullfrog skeletons
  2 iguanas
  4 orc wizards
  6 worker ants
  A statue (D:4)
  10 gnolls
  7 adders
  2 river rats
  3 shadow imps
  An ooze (D:3)
  An adder skeleton (D:7)
  3 adder zombies
  17 worms
  A dart slug (D:2)
  6 leopard geckos
  12 orcs
  9 bats
  7 giant cockroaches
  6 goblins
  5 hobgoblins
  5 jackals
  2 quokkas (D:8)
  A ball python (D:1)
  2 frilled lizards
  A giant cockroach zombie (D:5)
  A jackal skeleton (D:5)
  19 kobolds
  A leopard gecko skeleton (D:6)
  A quokka zombie (D:6)
  13 rats
  A fungus (D:8)
307 creatures vanquished.

Vanquished Creatures (others)
  A human (D:3)
  2 fungi
  5 plants
8 creatures vanquished.

Grand Total: 315 creatures vanquished

Notes
Turn   | Place    | Note
-------+----------+-------------------------------------------
     0 | D:1      | Grinner the Troll Monk began the quest for the Orb.
     0 | D:1      | Reached XP level 1. HP: 22/22 MP: 0/0
   443 | D:1      | Reached XP level 2. HP: 24/29 MP: 1/1
   773 | D:2      | Noticed Sigmund
   782 | D:2      | Killed Sigmund
   782 | D:2      | Reached skill level 5 in Unarmed Combat
   782 | D:2      | Reached XP level 3. HP: 29/36 MP: 2/2
   782 | D:2      | Reached XP level 4. HP: 35/44 MP: 3/3
   782 | D:2      | Reached XP level 5. HP: 40/50 MP: 4/4
   822 | D:2      | Found a faded altar of an unknown god.
  1210 | D:2      | Found a shimmering altar of Xom.
  1216 | D:2      | Found a burning altar of Makhleb.
  1279 | D:3      | Found an iron altar of Okawaru.
  1445 | D:3      | Found a bloodstained altar of Trog.
  1445 | D:3      | Found a faded altar of an unknown god.
  1450 | D:3      | Found a faded altar of an unknown god.
  1452 | D:3      | Found a faded altar of an unknown god.
  1454 | D:3      | Found a faded altar of an unknown god.
  1686 | D:3      | Found an ancient bone altar of Kikubaaqudgha.
  1687 | D:3      | Noticed a human
  1690 | D:3      | Killed a human
  2119 | D:4      | Noticed a centaur
  2131 | D:4      | Killed a centaur
  2131 | D:4      | Reached skill level 6 in Unarmed Combat
  2131 | D:4      | Reached XP level 6. HP: 25/59 MP: 5/5
  2264 | D:4      | Found a radiant altar of Vehumet.
  2476 | D:4      | Reached skill level 7 in Unarmed Combat
  2476 | D:4      | Reached XP level 7. HP: 39/66 MP: 6/6
  2539 | D:4      | Noticed Blork the orc
  2545 | D:4      | Killed Blork the orc
  3032 | D:5      | Entered Level 5 of the Dungeon
  3060 | D:5      | Gained mutation: You passively map a small area around you. [mutagenic meat]
  3061 | D:5      | Gained mutation: Your spells are a little harder to cast, but a little more powerful. [mutagenic meat]
  3062 | D:5      | Gained mutation: You are partially covered in iridescent scales. (AC +2) [mutagenic meat]
  3063 | D:5      | Gained mutation: You are dopey. (Int -2) [mutagenic meat]
  3064 | D:5      | Lost mutation: You are partially covered in iridescent scales. (AC +2) [mutagenic meat]
  3214 | D:5      | Reached skill level 5 in Dodging
  3214 | D:5      | Reached skill level 8 in Unarmed Combat
  3220 | D:5      | Reached XP level 8. HP: 47/74 MP: 7/7
  3338 | D:5      | Found an opulent altar of Gozag.
  3744 | D:5      | Reached skill level 9 in Unarmed Combat
  3756 | D:5      | Found a stormy altar of Qazlal.
  3872 | D:5      | Gained mutation: You are agile. (Dex +2) [mutagenic meat]
  3873 | D:5      | Gained mutation: You can translocate small distances at will. [mutagenic meat]
  3874 | D:5      | Gained mutation: Your flesh is heat resistant. (rF+) [mutagenic meat]
  3875 | D:5      | Gained mutation: You have large cloven feet. [mutagenic meat]
  3924 | D:6      | Noticed Duvessa
  3924 | D:6      | Noticed Dowan
  3931 | D:6      | Killed Duvessa
  3941 | D:6      | Killed Dowan
  4086 | D:6      | Reached skill level 10 in Unarmed Combat
  4094 | D:6      | Found a staircase to the Ecumenical Temple.
  4120 | D:6      | Reached XP level 9. HP: 80/80 MP: 8/8
  4152 | D:6      | Found a hide-covered altar of Uskayaw.
  4252 | D:6      | Gained mutation: You are partially covered in slimy green scales. (AC +2) [mutagenic meat]
  4253 | D:6      | Gained mutation: Potions and wands are less effective at restoring your health. [mutagenic meat]
  4254 | D:6      | Lost mutation: Your flesh is heat resistant. (rF+) [mutagenic meat]
  4563 | D:7      | Found a blossoming altar of Fedhas.
  4571 | D:7      | Found a deep blue altar of Sif Muna.
  4595 | D:7      | Found a snail-covered altar of Cheibriados.
  4627 | D:7      | Found Ycesaes's Food Shop.
  4818 | D:7      | Reached skill level 11 in Unarmed Combat
  4974 | D:7      | Gained mutation: You expend magic power (3 MP) to strengthen your wands. [mutagenic meat]
  4975 | D:7      | Gained mutation: Your flesh is cold resistant. (rC+) [mutagenic meat]
  4976 | D:7      | Gained mutation: Scrolls take you a little longer to read. [mutagenic meat]
  5631 | D:8      | Noticed a five-headed hydra
  5756 | D:8      | Noticed a kobold demonologist
  5763 | D:8      | Killed a kobold demonologist
  5763 | D:8      | Reached skill level 12 in Unarmed Combat
  5763 | D:8      | Reached XP level 10. HP: 88/88 MP: 9/9
  6755 | D:9      | Found a snail-covered altar of Cheibriados.
  6804 | D:9      | Found a staircase to the Lair.
  7122 | D:9      | Found Heh Kavo's Food Shop.
  7218 | D:9      | Reached skill level 13 in Unarmed Combat
  7548 | D:9      | Found a shattered altar of Ashenzari.
  7568 | Lair:1   | Entered Level 1 of the Lair of Beasts
  7865 | Lair:1   | Reached XP level 11. HP: 86/94 MP: 10/10
  8376 | Lair:1   | Reached skill level 14 in Unarmed Combat
  8785 | Lair:2   | Found a staircase to the Shoals.
  8822 | Lair:2   | Found a hole to the Spider Nest.
  9708 | Lair:3   | Reached skill level 15 in Unarmed Combat
  9883 | Lair:3   | Noticed a four-headed hydra
 10201 | Lair:4   | Reached XP level 12. HP: 96/104 MP: 11/11
 10209 | Lair:4   | Reached skill level 10 in Dodging
 10298 | Lair:6   | Entered Level 6 of the Lair of Beasts
 10306 | Lair:6   | Noticed a death yak
 10311 | Lair:6   | Noticed a death yak
 10320 | Lair:6   | Noticed a death yak
 10329 | Lair:6   | Killed a death yak
 10330 | Lair:6   | Noticed a death yak
 10341 | Lair:6   | Killed a death yak
 10344 | Lair:6   | Reached skill level 16 in Unarmed Combat
 10347 | Lair:6   | Killed a death yak
 10352 | Lair:6   | Killed a death yak
 10410 | Lair:6   | Found a staircase to the Slime Pits.
 10474 | Lair:6   | Lost mutation: Potions and wands are less effective at restoring your health. [potion of cure mutation]
 10474 | Lair:6   | Lost mutation: You passively map a small area around you. [potion of cure mutation]
 10474 | Lair:6   | Lost mutation: You are agile. (Dex +2) [potion of cure mutation]
 10474 | Lair:6   | Lost mutation: Your spells are a little harder to cast, but a little more powerful. [potion of cure mutation]
 10476 | Slime:1  | Entered Level 1 of the Pits of Slime
 10476 | Slime:1  | Noticed an azure jelly
 10488 | Slime:1  | Gained mutation: Armour fits poorly on your strangely shaped body. [a shining eye]
 10489 | Slime:1  | Noticed an acid blob
 10490 | Slime:1  | Gained mutation: You are frail. (-10% HP) [a shining eye]
 10491 | Slime:1  | Gained mutation: You are occasionally teleported next to monsters. [a shining eye]
 10493 | Slime:1  | Gained mutation: Your spells are a little easier to cast, but a little less powerful. [a shining eye]
 10495 | Slime:2  | Noticed an acid blob
 10495 | Slime:2  | Noticed an azure jelly
 10497 | Slime:2  | Splashed by an acid blob's acid

Skill      XL: |  1  2  3  4  5  6  7  8  9 10 11 12 |
---------------+-------------------------------------+-----
Dodging        | 3 4 5 6 7 8 9 10 | 10.5
Unarmed Combat | 5 6 7 8 10 12 13 15 16 | 16.3
Fighting       | |  2.4
Stealth        | |  1.0

Action                   |  1- 3 |  4- 6 |  7- 9 | 10-12 || total
-------------------------+-------+-------+-------+-------++-------
Melee: Unarmed           |    42 |   109 |   244 |   483 ||   878
       Punch             |       |     1 |    12 |    31 ||    44
       Kick              |       |       |    47 |   161 ||   208
Evoke: Wand              |       |       |       |     4 ||     4
  Use: Scroll            |       |       |     1 |    15 ||    16
       Potion            |       |       |       |     6 ||     6
 Stab: Sleeping          |     2 |     2 |     4 |     3 ||    11
  Eat: Chunk             |    13 |    14 |    56 |    46 ||   129
       Bread ration      |       |       |     1 |       ||     1
Armor: Robe              |    14 |    57 |    56 |   107 ||   234
Dodge: Dodged            |    24 |    80 |   137 |   258 ||   499
Block: Other             |       |       |       |    17 ||    17
